Match 23648011
Unlisted

Match 23648011
End
Panzergrenadier Squad
Selects Italian Combined Arms Battlegroup
Selects Bersaglieri Squad
Panzergrenadier Squad
250 Light Carrier
Construct Light Support Kompanie
Combat Half-tracks
MG34 Team
Fire Support Elements
Pak 38 Mechanized Group
2.5-tonne Medical Truck
Veteran Squad Leaders
Construct Panzerarmee Kommand
Selects Vehicle Support - Secure Location
Selects Vehicle Support - Force Recon
Panzerjäger Mechanized Group
Panzer III L Medium Tank
Vehicle Survival Package
Armored Reserves
Selects Semovente da 75/18 Assault Gun
Tungsten Core Ammunition
UH|dun! ツ
iceman
m.kelly7
Gl0ups
0
0

Comments sign in to comment!

No comments posted yet!